 Dungeon Crawl Stone Soup version 0.21-a0-584-g185da8e (webtiles) character file.

216 sithsevirus the Chopper (level 5, -5/42 HPs)
             Began as a Draconian Berserker on Dec 21, 2017.
             Was a Believer of Trog.
             Shot with an arrow by a centaur (7 damage)
             ... on level 4 of the Dungeon.
             The game lasted 00:09:28 (4043 turns).

sithsevirus the Chopper (Draconian Berserker)       Turns: 4043, Time: 00:09:29

Health: -5/42      AC:  5    Str: 21    XL:     5   Next: 61%
Magic:  5/5        EV: 19    Int:  7    God:    Trog [**....]
Gold:   206        SH:  0    Dex: 17    Spells: 4/4 levels left

rFire    . . .     SeeInvis .   q - +0 trident
rCold    . . .     Gourm    .   (no shield)
rNeg     . . .     Faith    .   (armour unavailable)
rPois    .         Spirit   .   (helmet restricted)
rElec    .         Reflect  .   (no cloak)
rCorr    .         Harm     .   (no gloves)
MR       .....                  (no boots)
Stlth    +++.......             (no amulet)
HPRegen  0.14/turn              (no ring)
MPRegen  0.09/turn              (no ring)

@: agile
A: unfitting armour, frail 1, strong 1, cold-blooded, AC +5
a: Berserk, Trog's Hand, Burn Spellbooks, Renounce Religion


You were on level 4 of the Dungeon.
You worshipped Trog.
Trog was pleased with you.
You were not hungry.

You visited 1 branch of the dungeon, and saw 4 of its levels.

You collected 206 gold pieces.

Inventory:

Hand Weapons
 q - a +0 trident (weapon)
Missiles
 e - 33 stones (quivered)
 k - 36 sling bullets
 n - 20 poisoned needles
Armour
 u - a +0 pair of gloves
Jewellery
 o - an uncursed ring of magical power {unknown}
Scrolls
 a - a scroll of magic mapping {unknown}
 c - 2 scrolls of immolation {unknown}
 j - a scroll of random uselessness {unknown}
 m - a scroll of blinking {unknown}
 s - a scroll of remove curse {unknown}
 t - 2 scrolls of identify {unknown}
Potions
 b - a potion of mutation
 f - 2 potions of haste {unknown}
 g - 2 potions of might {unknown}
 h - a potion of lignification {unknown}
 i - 2 potions of degeneration {unknown}
 r - a potion of curing {unknown}
Comestibles
 l - 5 rations
 p - 7 chunks of flesh


   Skills:
 + Level 4.4 Fighting
   Level 4.5(4.7) Axes
 * Level 1.8(3.4) Polearms
 + Level 3.6 Dodging


You had 4 spell levels left.
You didn't know any spells.

Dungeon Overview and Level Annotations

Branches:
Dungeon (4/15)             Temple (0/1) D:4

Altars:
Fedhas

Annotations:
D:3 Sigmund


Innate Abilities, Weirdness & Mutations

Your plain brown scales are hard. (AC +5)
You cannot fit into any form of body armour.
You are cold-blooded and may be slowed by cold attacks.
You are frail. (-10% HP)
Your muscles are strong. (Str +2)


Message History

* * * LOW HITPOINT WARNING * * *
You completely miss the centaur zombie. You tail-slap the centaur zombie.
The centaur zombie is lightly damaged.
The centaur zombie hits you!
* * * LOW HITPOINT WARNING * * *
The centaur zombie hits you.
* * * LOW HITPOINT WARNING * * *
You hit the centaur zombie.
The centaur zombie is moderately damaged.
The centaur zombie closely misses you.
It was a potion of mutation.
You feel extremely strange.
You feel frail.
You feel stronger. The centaur zombie barely misses you.
The centaur shoots an arrow.
The arrow hits you.
* * * LOW HITPOINT WARNING * * *
The centaur zombie barely misses you.
It was a potion of agility.
You feel agile all of a sudden.
The centaur shoots an arrow.
The arrow hits you!
You die...

.....)...........##
.######...........##
## ##...........## #
##...........## #
##...........# #
##.......((.## .
#.....###...### ..
##..cZ####..(.## ..#
##...@# ###...###
#....# ##....####..
##.... ##c(.......
##.... ##........
##.... ##.......
##.... ....... #....
..?.... #....
....... .......


You could see a centaur and a centaur zombie.

Vanquished Creatures
  A hound (D:4)
  A worker ant (D:4)
  Ijyb (D:3)
  8 adders
  4 worms
  A dart slug (D:2)
  2 leopard geckos
  3 orcs
  4 bats
  A giant cockroach (D:1)
  7 goblins
  4 hobgoblins
  5 jackals
  3 frilled lizards
  4 kobolds
  A quokka skeleton (D:4)
  5 rats
55 creatures vanquished.

Notes
Turn   | Place    | Note
-------+----------+-------------------------------------------
     0 | D:1      | sithsevirus the Draconian Berserker began the quest for the Orb.
     0 | D:1      | Reached XP level 1. HP: 19/19 MP: 1/1
   348 | D:1      | Reached XP level 2. HP: 26/26 MP: 2/2
   990 | D:2      | Reached XP level 3. HP: 13/31 MP: 3/3
  1250 | D:2      | Reached ** piety under Trog
  1935 | D:2      | Reached XP level 4. HP: 38/40 MP: 4/4
  2580 | D:3      | Noticed Ijyb
  2635 | D:3      | Killed Ijyb
  3190 | D:3      | Found a faded altar of an unknown god.
  3299 | D:3      | Reached XP level 5. HP: 38/46 MP: 5/5
  3491 | D:3      | Found a blossoming altar of Fedhas.
  3560 | D:4      | Noticed Sigmund
  3642 | D:4      | Reached skill level 1 in Polearms
  3751 | D:4      | Found a staircase to the Ecumenical Temple.
  4027 | D:4      | Noticed a centaur
  4042 | D:4      | Gained mutation: You are frail. (-10% HP) [potion of mutation]
  4042 | D:4      | Gained mutation: Your muscles are strong. (Str +2) [potion of mutation]
  4042 | D:4      | HP: 1/42 [centaur/arrow (3)]
  4043 | D:4      | Shot with an arrow by a centaur

Vault maps used:
D:1:      kennysheep_arrival_seaside, minmay_strange_pillars
D:2:      first_ration
D:3:      marbit_many_paths, chequers_ecumenical_altar_lobes, uniq_ijyb
D:4:      yredelemnul_altar_generic, minmay_temple_entry_butterflies,
          uniq_sigmund

Skill      XL: |  1  2  3  4  5 |
---------------+----------------+-----
Dodging        | 3 |  3.6
Axes           | 4 |  4.5
Fighting       | 4 |  4.4
Polearms       | 1 |  1.8

Action                   |  1- 3 |  4- 6 || total
-------------------------+-------+-------++-------
Melee: Hand axe          |   107 |    53 ||   160
       Tailslap          |    11 |    16 ||    27
       Trident           |       |    63 ||    63
Throw: Stone             |     5 |    11 ||    16
Invok: Berserk           |     1 |       ||     1
  Use: Potion            |       |     2 ||     2
  Eat: Chunk             |     1 |     7 ||     8
       Ration            |     1 |       ||     1
Armor: Skin              |    27 |    33 ||    60
Dodge: Dodged            |    67 |    75 ||   142

Table legend:
 A = Spawn XP
 B = Non-spawn XP
 C = Spawn XP percentage of total XP
 D = Spawn monster count
 E = Non-spawn monster count
 F = Spawn count percentage of total count
 G = Total turns spent on level
                    A         B        C        D         E        F      G
               +---------+---------+-------+---------+---------+-------+---------
         Total |       0 |     309 |   0.0 |       0 |      55 |   0.0 |  4043
               +---------+---------+-------+---------+---------+-------+---------
           D:1 |       0 |      25 |   0.0 |       0 |      14 |   0.0 |  1087
           D:2 |       0 |     110 |   0.0 |       0 |      18 |   0.0 |  1498
           D:3 |       0 |      61 |   0.0 |       0 |      14 |   0.0 |  1045
           D:4 |       0 |     113 |   0.0 |       0 |       9 |   0.0 |   413
               +---------+---------+-------+---------+---------+-------+---------
